 Dungeon Crawl Stone Soup version 0.16.1-30-g34a7ffa (webtiles) character file.

123 Krapule the Vandal (level 5, -1/36 HPs)
             Began as a Halfling Hunter on June 19, 2015.
             Killed from afar by Natasha (7 damage)
             ... with a magic dart
             ... on level 3 of the Dungeon.
             The game lasted 00:09:43 (2242 turns).

Krapule the Vandal (Halfling Hunter)                Turns: 2242, Time: 00:09:43

Health: -1/36      AC:  3    Str: 12    XL:     5   Next: 28%
Magic:  5/5        EV: 15    Int: 10    God:
Gold:   59         SH:  0    Dex: 16    Spells: 0 memorised, 4 levels left

rFire  . . .     SeeInvis .     b - +1 hunting sling
rCold  . . .     Clarity  .     d - +0 leather armour
rNeg   . . .     SustAb   .     (no shield)
rPois  .         Gourm    .     (no helmet)
rElec  .         Spirit   .     (no cloak)
rCorr  .         Warding  .     (no gloves)
rMut   .         Stasis   .     (no boots)
MR     .....                    (no amulet)
Stlth  +.........               (no ring)
                                (no ring)

@: confused, not resistant to hostile enchantments, very unstealthy
A: mutation resistance 1
a: no special abilities


You were on level 3 of the Dungeon.
You were not hungry.

You visited 1 branch of the dungeon, and saw 3 of its levels.

You collected 59 gold pieces.

Inventory:

Hand weapons
 a - a +0 short sword
 b - a +1 hunting sling (weapon)
Missiles
 c - 17 sling bullets (quivered)
 g - 85 stones
Armour
 d - a +0 leather armour (worn)
Scrolls
 e - 2 scrolls of noise {unknown}
 k - a scroll of identify {unknown}
 l - a scroll of teleportation {unknown}
 o - a scroll of remove curse {unknown}
 r - a scroll of amnesia {unknown}
 s - a scroll of random uselessness {unknown}
Potions
 j - a potion of curing
Comestibles
 f - 2 bread rations
 h - 2 chunks of flesh
 i - 2 beef jerkies
 m - a meat ration
 n - 2 fruits
 p - a slice of pizza


   Skills:
 + Level 2.9 Fighting
 - Level 1.0 Short Blades
 - Level 6.0 Slings
 - Level 1.0 Armour
 + Level 3.3 Dodging
 + Level 2.9 Stealth


You had 4 spell levels left.
You didn't know any spells.

Dungeon Overview and Level Annotations

Branches:
Dungeon (3/15)

Altars:
Nemelex Xobeh

Annotations:
D:3 Natasha


Innate Abilities, Weirdness & Mutations

You are small and have problems with some larger weapons.
You are somewhat resistant to further mutation.


Message History

The white imp gestures at you. The puff of frost hits you!
Natasha zaps a wand.
Your will is overpowered!
You are more confused.
Firing (i - inventory. (,) - cycle):
c - 18 sling bullets (quivered)
Press: ? - help, Shift-Dir - straight line, f/p - Natasha
Aim: Natasha, carrying a wand of enslavement {zapped: 6} (severely wounded)
You shoot a sling bullet. The sling bullet misses Natasha.
The white imp hits you but does no damage.
Natasha zaps a wand.
Your will is overpowered!
You are more confused.
The white imp gestures at you. The puff of frost hits you!
* * * LOW HITPOINT WARNING * * *
Natasha hisses.
You see here 2 stones.
You bump into the rock wall.
Natasha zaps a wand.
You resist with some effort. The white imp closely misses you.
Natasha stares at you and mumbles some strange words.
The magic dart hits you!
You die...

#..........#######
##.#########.......
#.....o5h....###.##
#..######..### #.#
#.(# #..# ..# #(.#
#..# ##.#
#..######..#.###.#
#.(..<..).....##..
#.@##......#..###.
#5h##.####(#. .
#<(....(...#
########(##..#####
(....h.(<(...#
####.#((.(....#
###.##...>.
#.##.(... #.. ####


You could see Natasha and a white imp.

Vanquished Creatures
  Natasha (D:3)
  4 adders
  3 giant geckos
  4 orcs (D:3)
  A ball python (D:2)
  7 bats
  A giant cockroach (D:2)
  8 goblins
  11 hobgoblins
  2 quokkas (D:2)
  2 giant newts (D:2)
  8 kobolds
  5 rats
57 creatures vanquished.

Notes
Turn   | Place    | Note
--------------------------------------------------------------
     0 | D:1      | Krapule, the Halfling Hunter, began the quest for the Orb.
     0 | D:1      | Reached XP level 1. HP: 14/14 MP: 1/1
   401 | D:1      | Reached XP level 2. HP: 19/19 MP: 2/2
   655 | D:2      | Reached skill level 6 in Slings
   751 | D:2      | Reached skill level 1 in Short Blades
   752 | D:2      | Reached XP level 3. HP: 3/24 MP: 3/3
  1111 | D:2      | Reached skill level 1 in Armour
  1308 | D:2      | Reached XP level 4. HP: 29/29 MP: 4/4
  1419 | D:2      | Found a sparkling altar of Nemelex Xobeh.
  1864 | D:3      | Noticed Natasha
  2023 | D:3      | Killed Natasha
  2023 | D:3      | Reached XP level 5. HP: 26/35 MP: 5/5
  2153 | D:3      | Noticed Natasha
  2242 | D:3      | Killed from afar by Natasha

Action                   |  1- 3 |  4- 6 || total
-------------------------+-------+-------++-------
Melee: Short sword       |    36 |    24 ||    60
 Fire: Hunting sling     |    89 |    64 ||   153
  Use: Potion            |       |     4 ||     4
 Stab: Sleeping          |       |     1 ||     1
  Eat: Chunk             |     1 |     3 ||     4
